 Dungeon Crawl Stone Soup version 0.30-a0-986-g7f2e898f52 (webtiles) character file.

Game seed: 1564945664000424600

27 DeathPants the Magician (level 3, 0/18 HPs)
             Began as a Vine Stalker Hedge Wizard on Apr 1, 2023.
             Succumbed to a kobold's poison
             ... on level 1 of the Dungeon.
             The game lasted 00:03:25 (401 turns).

DeathPants the Magician (Vine Stalker Hedge Wizard)  Turns: 401, Time: 00:03:26

Health: 0/18       AC:  6    Str: 14    XL:     3   Next: 10%
Magic:  6/9        EV:  9    Int: 14    God:
Gold:   28         SH:  0    Dex: 13    Spells: 8/9 levels left

rFire   . . .      SeeInvis .    a - +0 dagger
rCold   . . .      Faith    .    (no shield)
rNeg    . . .      Spirit   +    f - +0 scale mail
rPois   .          Reflect  .    c - +0 hat
rElec   .          Rampage  .    (no cloak)
rCorr   .                        (no gloves)
Will    .....                    (no boots)
Stlth   +                        (no amulet)
HPRegen 0.23/turn                (no ring)
MPRegen 0.11/turn                (no ring)

@: lethally poisoned (0 -> -2), attractive
A: fangs 2, magic shield, antimagic bite, no potion heal 2, horns 1, MP-powered
wands
a: no special abilities


You were on level 1 of the Dungeon.
You visited 1 branch of the dungeon, and saw 2 of its levels.

You collected 28 gold pieces.

Inventory:

Hand Weapons
 a - a +0 dagger (weapon)
Missiles
 e - 5 boomerangs
 l - 3 datura-tipped darts
Armour
 b - a +0 robe
 c - a +0 hat (worn)
 f - a +0 scale mail (worn)
Scrolls
 h - a scroll of fear {unknown}
 i - a scroll of immolation {unknown}
 j - a scroll of poison {unknown}
Potions
 d - a potion of magic


   Skills:
 + Level 1.0 Fighting
 + Level 0.6 Armour
 + Level 2.0 Dodging
 - Level 2.4 Stealth
 + Level 3.6 Spellcasting
 - Level 1.0 Conjurations
 - Level 1.0 Summonings
 - Level 1.0 Translocations


You had 8 spell levels left.
You knew the following spells:

 Your Spells              Type           Power      Damage    Failure   Level
a - Magic Dart            Conj           20%        1d4       52%         1

Your spell library contained the following spells:

 Spells                   Type           Power      Damage    Failure   Level
 Slow                     Hex            8%         N/A       67%         1
 Blink                    Tloc           10%        N/A       67%         2
 Call Imp                 Summ           5%         N/A       67%         2
 Cigotuvi's Dreadful Rot  Necr/Pois/Air  4%         N/A       80%         2
 Mephitic Cloud           Conj/Pois/Air  3%         N/A       94%         3


Dungeon Overview and Level Annotations

Branches:
Dungeon (2/15)

Altars:


Innate Abilities, Weirdness & Mutations

You have extremely sharp teeth.
When hurt, damage is shared between your health and your magic reserves.
Your bite disrupts and absorbs the magic of your enemies.
Potions cannot restore your health.
You have a pair of small horns on your head.
You expend magic power (3 MP) to strengthen your wands.


Message History

You are poisoned.
You hit the kobold.
The kobold is severely wounded.
You feel sick.
The kobold hits you with a +2 dagger of venom.
You are lethally poisoned!
You hit the kobold.
You kill the kobold!
You feel very sick.
You closely miss the kobold.
You feel very sick. The kobold barely misses you.
You hit the kobold.
You kill the kobold!
You feel sick.
You hit the kobold. Your punch misses the kobold.
The kobold is severely wounded.
* * * LOW HITPOINT WARNING * * *
You feel sick. The kobold barely misses you.
You barely miss the kobold. Your bite misses the kobold.
The kobold is severely wounded.
* * * LOW HITPOINT WARNING * * *
You feel sick. The kobold hits you but does no damage.
It was a potion of mutation.
You feel extremely strange. A pair of horns grows on your head!
You feel your magical essence link to the dungeon's wands.
* * * LOW HITPOINT WARNING * * *
You feel sick. The kobold hits you with a +0 club.
It was a potion of attraction.
You feel attractive to monsters.
* * * LOW HITPOINT WARNING * * *
You feel sick. The kobold hits you with a +0 club.
* * * LOW HITPOINT WARNING * * *
You hit the kobold.
You kill the kobold!
* * * LOW HITPOINT WARNING * * *
You feel sick.
You closely miss the kobold. Your headbutt misses the kobold.
Your bite misses the kobold.
You die...

..............#
..........######
...............#
.#.####........#
......#........#
.....÷.........#
..........÷....##
......#.........####
..#####.........@K.#
### #......#####.#
#######......# ..#
.......####### P.K.
.......# P.....
.......# ♣~..K.÷.
.......# P.÷K§...♣
.......# ##.......♣
.......#####


You could see a kobold.

Vanquished Creatures
  A dart slug (D:1)
  2 endoplasms (D:1)
  2 goblins (D:1)
  2 hobgoblins (D:1)
  2 jackals (D:1)
  5 kobolds (D:1)
  A quokka (D:1)
  3 ball pythons
  4 bats (D:1)
  A frilled lizard (D:1)
  A rat (D:1)
24 creatures vanquished.

Vanquished Creatures (others)
  4 plants (D:1)
4 creatures vanquished.

Grand Total: 28 creatures vanquished

Notes
Turn   | Place    | Note
-------+----------+-------------------------------------------
     0 | D:1      | DeathPants the Vine Stalker Hedge Wizard began the quest
                  | for the Orb.
     0 | D:1      | Reached XP level 1. HP: 9/9 MP: 5/5
   112 | D:1      | Reached XP level 2. HP: 13/14 MP: 5/7
   318 | D:1      | Reached skill level 1 in Fighting
   347 | D:1      | Reached XP level 3. HP: 17/18 MP: 9/9
   398 | D:1      | Gained mutation: You have a pair of small horns on your
                  | head. [potion of mutation]
   398 | D:1      | Gained mutation: You expend magic power (3 MP) to
                  | strengthen your wands. [potion of mutation]
   401 | D:1      | Succumbed to a kobold's poison

Illustrated notes

Levels and vault maps discovered:
D:1:      kennysheep_arrival_seaside, layout_rooms, lexackson_kobold_supper
D:2:      layout_loops_cross, minmay_misc_feat_plants,
          chequers_serial_rivers_small_3

Skill      XL: |  1  2 |
---------------+-------+-----
Dodging        | 2 |  2.0
Fighting       | 1 |  1.0
Armour         | |  0.6
Stealth        | |  2.4
Spellcasting   | |  3.6
Conjurations   | |  1.0
Summonings     | |  1.0
Translocations | |  1.0

Action                     || total
---------------------------++-------
  Melee: Dagger            ||    93
         Bite              ||    18
    Use: Potion            ||     2
   Stab: Sleeping          ||     1
 Armour: Robe              ||    15
         Scale mail        ||    34
  Dodge: Dodged            ||    79

Table legend: (Time is in decaauts)
 A = Elapsed time spent in this place.
 B = Non-inter-level travel time spent in this place.
 C = Inter-level travel time spent in this place.
 D = Time resting spent in this place.
 E = Time spent auto-exploring this place.
 F = Levels seen in this place.
 G = Mean time per level.
                   A        B        C        D        E       F      G
               +--------+--------+--------+--------+--------+-----+--------+
         Total |    400 |    400 |      0 |     20 |    126 |   2 |  200.0 |
       Dungeon |    400 |    400 |      0 |     20 |    126 |   2 |  200.0 |
               +--------+--------+--------+--------+--------+-----+--------+

Top non-repeatable levels by time:
     D:1: 382 daAuts
     D:2: 18 daAuts
